 Dungeon Crawl Stone Soup version 0.30-a0-879-ga8ba668304 (webtiles) character file.

Game seed: 6672792366852148704

281 112233 the Magician (level 6, 0/34 (36) HPs)
             Began as an Octopode Summoner on Mar 14, 2023.
             Was an Initiate of Gozag.
             Killed by divine providence
             ... invoked by an orc priest
              (13 damage)
             ... on level 4 of the Dungeon.
             The game lasted 00:04:34 (4535 turns).

112233 the Magician (Octopode Summoner)             Turns: 4535, Time: 00:04:35

HP:   0/34 (36)     AC:  1    Str:  7    XL:     6   Next: 27%
MP:   2/13          EV: 13    Int: 19    God:    Gozag
Gold: 232           SH:  0    Dex: 13    Spells: 6/15 levels left

rFire   . . .      SeeInvis .    t - +0 great sword
rCold   . . .      Faith    .    (shield currently unavailable)
rNeg    . . .      Spirit   .    (helmet restricted)
rPois   +          Reflect  .    (no amulet)
rElec   .          Rampage  .    m - ring of poison resistance
rCorr   .                        (no ring)
Will    .....                    (no ring)
Stlth   +++                      (no ring)
HPRegen 0.25/turn                (no ring)
MPRegen 0.13/turn                (no ring)
                                 (no ring)
                                 (no ring)

@: drained
A: almost no armour, amphibious, 8 rings, camouflage 1, gelatinous body 1,
(nimble swimmer 1), tentacles
a: Renounce Religion, Potion Petition, Call Merchant, Bribe Branch


You were on level 4 of the Dungeon.
You worshipped Gozag.
Gozag was aware of your devotion.
You visited 2 branches of the dungeon, and saw 5 of its levels.
You also visited: Ossuary.

You collected 310 gold pieces.
You paid 78 gold pieces to Gozag.

Inventory:

Hand Weapons
 t - a +0 great sword (weapon)
Jewellery
 m - a ring of poison resistance (left tentacle)
 q - a ring of willpower
 s - a +4 ring of slaying
Scrolls
 c - a scroll of fog {unknown}
 e - a scroll of noise {unknown}
 f - a scroll of enchant weapon {unknown}
 g - 3 scrolls of teleportation {unknown}
 h - 2 scrolls of fear {unknown}
 j - 4 scrolls of identify {unknown}
 k - 2 scrolls of poison {unknown}
 o - a scroll of magic mapping {unknown}
 r - a scroll of vulnerability {unknown}
Potions
 a - a potion of magic
 b - 2 potions of curing {unknown}
 d - 3 potions of heal wounds {unknown}
 i - 2 potions of brilliance {unknown}
 l - a potion of flight {unknown}
 n - a potion of degeneration {unknown}
 p - a potion of ambrosia {unknown}


   Skills:
 - Level 2.1 Dodging
 - Level 3.0 Stealth
 + Level 5.0 Spellcasting
 + Level 5.0 Summonings


You had 6 spell levels left.
You knew the following spells:

 Your Spells              Type           Power      Damage    Failure   Level
a - Summon Small Mammal   Summ           96%        N/A       1%          1
b - Call Imp              Summ           24%        N/A       2%          2
c - Call Canine Familiar  Summ           24%        N/A       4%          3
d - Summon Guardian Gole  Hex/Summ       14%        N/A       13%         3

Your spell library contained the following spells:

 Spells                   Type           Power      Damage    Failure   Level
 Necrotise                Necr           16%        1d4       12%         1
 Ozocubu's Armour         Ice            4%         N/A       36%         3
 Portal Projectile        Hex/Tloc       8%         N/A       36%         3
 Vampiric Draining        Necr           4%         2d6       36%         3
 Summon Lightning Spire   Summ/Air       14%        N/A       41%         4
 Leda's Liquefaction      Hex/Erth       2%         N/A       77%         4
 Agony                    Necr           4%         N/A       98%         5
 Borgnjor's Vile Clutch   Necr/Erth      2%         N/A       98%         5
 Death Channel            Necr           2%         N/A       100%        6
 Ozocubu's Refrigeration  Ice            2%         4d7       100%        7
 Animate Dead             Necr           Unusable   N/A       N/A         4

Dungeon Overview and Level Annotations

Branches:
Dungeon (4/15)             Temple (1/1) D:4         Ossuary (visited)

Altars:
Cheibriados
Elyvilon
Fedhas
Gozag
Hepliaklqana
Nemelex Xobeh
Uskayaw
Vehumet
The Shining One

Shops:
D:1 !


Innate Abilities, Weirdness & Mutations

You cannot wear most types of armour.
You are amphibious.
You can wear up to eight rings at the same time.
Your skin changes colour to match your surroundings (Stealth+).
Your rubbery body absorbs attacks. (AC +1, EV +1)
((You are camouflaged when in or above water. (Stealth+)))
You have tentacles for arms and can constrict up to eight enemies at once.


Message History

The orc priest hits you with a +0 club.
Casting: Call Canine Familiar (dangerous; 4% risk of failure)
Confirm with . or Enter, or press ? or * to list all spells.
The spell is quite dangerous to miscast (13% risk of failure)!
Continue anyway?
Okay, then.
Casting: Summon Guardian Golem (quite dangerous; 13% risk of failure)
Confirm with . or Enter, or press ? or * to list all spells.
You hear a shout!
The orc priest miscasts a cantrip.
Your hound bites something.
The orc priest is distracted by your dazzling golden aura.
Casting: Call Canine Familiar (dangerous; 4% risk of failure)
Confirm with . or Enter, or press ? or * to list all spells.
The spell is quite dangerous to miscast (13% risk of failure)!
Continue anyway?
A guardian golem appears, shielding your allies.
The orc priest shouts!
The orc priest is no longer distracted by gold.
The orc priest is distracted by your dazzling golden aura.
A magic dart appears from out of thin air!
The magic dart hits you!
Your hound closely misses something.
The orc priest shouts!
The orc priest attacks as you move away!
The orc priest closely misses you.
Your hound closely misses something.
Your hound barely misses something.
Something hits you.
Your hound closely misses something.
Unknown command.
You swap places.
Your hound barely misses something.
Something hits you.
Unknown command.
Something hits you.
The orc priest is no longer distracted by gold.
Your hound closely misses something.
Your hound bites something.
Unknown command.
Casting: Summon Guardian Golem (quite dangerous; 13% risk of failure)
Confirm with . or Enter, or press ? or * to list all spells.
A beastly little devil appears in a puff of flame.
Your hound misses something. Something hits you.
The orc priest calls down the wrath of Beogh upon you.
Beogh smites you!
You die...
Your body crumbles into a pile of gold.

...#......#...o........#...#####.
.....)..# #.{h..<....#.....# #.
........# ...####.....#.###.# #.
.#.#....# ####.)...#'###.###.
.#...##.# #....).#.)...#.....
.#...##.#.#####.o....#.....8.....
.....##.#....$'h....>'........###
.#......#######..9...#...8.(.8###
##..............@..............##
.+..........#.........##'..8...##
##.....####.#..5.................
######## #.###.<.###............
..... .......(................
..... .............##+##'#....
.#+## ##########.....#....#.###
.# #.....#......... .#
#.....#....#.#..


You could see an orc priest (ally target), a friendly guardian golem (summoned),
a friendly hound (summoned, sheltered) and a friendly crimson imp (summoned).

Vanquished Creatures
  2 giant cockroaches
  A goblin (D:1)
  A kobold (D:2)
4 creatures vanquished.

Vanquished Creatures (collateral kills)
  A phantom (D:4)
  2 iguanas
  An orc wizard (D:4)
  4 gnolls (D:4)
  3 adders
  An ufetubus (D:4)
  A worm (D:2)
  2 orcs
  A ball python (D:1)
  4 endoplasms (D:2)
  A giant cockroach (D:4)
  5 goblins
  7 hobgoblins
  2 quokkas (D:2)
  5 bats
  3 frilled lizards
  9 kobolds
  A kobold zombie (Ossuary)
  5 rats
58 creatures vanquished.

Vanquished Creatures (others)
  A fungus (D:3)
  3 plants (D:3)
4 creatures vanquished.

Grand Total: 66 creatures vanquished

Notes
Turn   | Place    | Note
-------+----------+-------------------------------------------
     0 | D:1      | 112233 the Octopode Summoner began the quest for the Orb.
     0 | D:1      | Reached XP level 1. HP: 11/11 MP: 3/3
     2 | D:1      | Noticed a felid
     2 | D:1      | Noticed an armataur
     4 | D:1      | Noticed a minotaur
     4 | D:1      | Noticed a merfolk
     6 | D:1      | Noticed a ghoul
     6 | D:1      | Noticed a gargoyle
     8 | D:1      | Noticed a naga
     8 | D:1      | Noticed an ogre
    10 | D:1      | Noticed a troll
    10 | D:1      | Noticed a meteoran
    12 | D:1      | Noticed an elf
    12 | D:1      | Noticed a spriggan
    14 | D:1      | Noticed an octopode
    14 | D:1      | Noticed a draconian
    18 | D:1      | Noticed a human
    20 | D:1      | Noticed a vampire
    20 | D:1      | Noticed a demonspawn
    22 | D:1      | Noticed a formicid
    22 | D:1      | Noticed a tengu
    24 | D:1      | Noticed a demigod
    26 | D:1      | Noticed a draconian
    26 | D:1      | Noticed a draconian
   241 | D:1      | Reached XP level 2. HP: 17/17 MP: 1/5
   307 | D:1      | Learned a level 2 spell: Call Imp
   693 | D:1      | Found Ciumuom's Distillery.
  1270 | D:2      | Reached XP level 3. HP: 21/21 MP: 2/7
  1282 | D:2      | Learned a level 3 spell: Call Canine Familiar
  2520 | D:3      | Reached XP level 4. HP: 27/27 MP: 5/9
  2586 | D:3      | Learned a level 3 spell: Summon Guardian Golem
  2784 | D:3      | Found a faded altar of an unknown god.
  3467 | D:4      | Noticed a phantom
  3493 | D:4      | Killed a phantom
  3494 | D:4      | Reached XP level 5. HP: 18/31 MP: 3/11
  3709 | D:4      | Found a staircase to the Ecumenical Temple.
  3717 | Temple   | Entered the Ecumenical Temple
  3727 | Temple   | Became a worshipper of Gozag Ym Sagoz the Greedy
  3846 | D:4      | Reached XP level 6. HP: 36/36 MP: 8/13
  3892 | D:4      | Found a sand-covered staircase.
  3911 | D:4      | Reached skill level 5 in Spellcasting
  3918 | D:4      | Reached skill level 5 in Summonings
  3941 | Ossuary  | Entered an ossuary
  4535 | D:4      | Killed from afar by an orc priest

Illustrated notes

Levels and vault maps discovered:
D:1:      kb_arrival_jail, layout_loops_ring, serial_shops, shop
D:2:      layout_basic
D:3:      layout_basic, shapermc_ecumenical_altar_mp_ritualfount
D:4:      layout_basic, minmay_temple_entry_butterflies,
          nicolae_ossuary_entry_monument
Temple:   hellmonk_temple_of_storms

Skill      XL: |  1  2  3  4  5  6 |
---------------+-------------------+-----
Stealth        | 3 |  3.0
Spellcasting   | 3 4 5 |  5.0
Summonings     | 5 |  5.0
Dodging        | |  2.1

Action                     |  1- 3 |  4- 6 || total
---------------------------+-------+-------++-------
  Melee: Unarmed           |    15 |     4 ||    19
         Constrict         |     6 |     2 ||     8
         Tentacles         |     2 |     2 ||     4
         Punch             |     1 |       ||     1
         Great sword       |       |     3 ||     3
   Cast: Summon Small Mamm |    43 |    18 ||    61
         Call Imp          |    26 |    20 ||    46
         Call Canine Famil |       |     9 ||     9
         Summon Guardian G |       |     3 ||     3
   Stab: Distracted        |     1 |       ||     1
 Armour: Skin              |     1 |     4 ||     5
  Dodge: Dodged            |    12 |    35 ||    47

Table legend: (Time is in decaauts)
 A = Elapsed time spent in this place.
 B = Non-inter-level travel time spent in this place.
 C = Inter-level travel time spent in this place.
 D = Time resting spent in this place.
 E = Time spent auto-exploring this place.
 F = Levels seen in this place.
 G = Mean time per level.
                   A        B        C        D        E       F      G
               +--------+--------+--------+--------+--------+-----+--------+
         Total |   4536 |   4333 |    203 |    192 |   3322 |   6 |  756.0 |
       Dungeon |   4510 |   4319 |    191 |    192 |   3320 |   4 | 1127.5 |
        Temple |     20 |      8 |     12 |      0 |      2 |   1 |   20.0 |
       Ossuary |      4 |      4 |      0 |      0 |      0 |   1 |    4.0 |
               +--------+--------+--------+--------+--------+-----+--------+

Top non-repeatable levels by time:
     D:2: 1266 daAuts
     D:1: 1178 daAuts
     D:3: 1138 daAuts
     D:4: 927 daAuts
  Temple: 20 daAuts
 Ossuary: 4 daAuts
